 Dungeon Crawl Stone Soup version 0.30-a0-591-g3c58d2bc28 (webtiles) character file.

Game seed: 5128077872174938654

75 OTABOTABOTAB the Insei (level 4, 34/34 HPs)
             Began as a Gnoll Transmuter on Jan 5, 2023.
             Quit the game on level 2 of the Dungeon.
             The game lasted 00:02:13 (1345 turns).

OTABOTABOTAB the Insei (Gnoll Transmuter)           Turns: 1345, Time: 00:02:14

Health: 34/34      AC:  2    Str: 11    XL:     4   Next: 31%
Magic:  10/11      EV: 13    Int: 12    God:
Gold:   105        SH:  0    Dex: 13    Spells: 7/13 levels left

rFire   . . .      SeeInvis .      - Unarmed
rCold   . . .      Faith    .    (no shield)
rNeg    . . .      Spirit   .    a - +0 robe
rPois   .          Reflect  .    (no helmet)
rElec   .          Harm     .    (no cloak)
rCorr   .          Rampage  .    (no gloves)
Will    .....                    (no boots)
Stlth   ++                       (no amulet)
HPRegen 0.25/turn                (no ring)
MPRegen 0.12/turn                (no ring)

@: no status effects
A: fangs 1, strong nose, distributed training
a: no special abilities


You were on level 2 of the Dungeon.
You visited 1 branch of the dungeon, and saw 2 of its levels.

You collected 105 gold pieces.

Inventory:

Missiles
 i - 6 boomerangs of dispersal {=f}
 m - 2 silver boomerangs
 n - 5 boomerangs
 s - 5 stones
Armour
 a - a +0 robe (worn)
Jewellery
 c - a ring of ice {rC+, rF-}
   (You found it on level 1 of the Dungeon)
Scrolls
 d - a scroll of fog {unknown}
 f - a scroll of magic mapping {unknown}
 g - a scroll of amnesia {unknown}
 j - a scroll of immolation {unknown}
 k - a scroll of blinking {unknown}
 l - 3 scrolls of identify {unknown}
Potions
 b - a potion of brilliance {unknown}
 e - a potion of heal wounds {unknown}
 h - a potion of curing {unknown}
 P - 2 potions of lignification {!q}


   Skills:
 + Level 2.7 Fighting
 + Level 1.1 Short Blades
 + Level 1.1 Long Blades
 + Level 1.1 Axes
 + Level 1.1 Maces & Flails
 + Level 1.1 Polearms
 + Level 1.1 Staves
 + Level 1.1 Ranged Weapons
 + Level 1.1 Throwing
 + Level 1.1 Armour
 + Level 4.6 Dodging
 + Level 1.1 Stealth
 + Level 1.1 Shields
 + Level 6.6 Unarmed Combat
 + Level 5.1 Spellcasting
 + Level 0.9 Conjurations
 + Level 0.9 Hexes
 + Level 0.9 Summonings
 + Level 0.9 Necromancy
 + Level 0.9 Translocations
 + Level 3.8 Transmutations
 + Level 0.9 Fire Magic
 + Level 0.9 Ice Magic
 + Level 0.9 Air Magic
 + Level 0.9 Earth Magic
 + Level 0.9 Poison Magic
 + Level 1.2 Invocations
 + Level 1.1 Evocations


You had 7 spell levels left.
You knew the following spells:

 Your Spells              Type           Power      Damage    Failure   Level
a - Beastly Appendage     Tmut           24%        N/A       4%          1
b - Wereblood             Tmut           12%        N/A       6%          2
c - Spider Form           Tmut/Pois      8%         N/A       22%         3

Your spell library contained the following spells:

 Spells                   Type           Power      Damage    Failure   Level
 Cigotuvi's Dreadful Rot  Necr/Pois/Air  10%        N/A       21%         2
 Ice Form                 Ice/Tmut       8%         N/A       58%         4
 Dispel Undead            Necr           5%         3d7       80%         4
 Death Channel            Necr           2%         N/A       100%        6


Dungeon Overview and Level Annotations

Branches:
Dungeon (2/15)

Altars:


Innate Abilities, Weirdness & Mutations

You have very sharp teeth.
Your uncanny sense of smell can sniff out nearby items.
Your experience applies equally to all skills.


Message History

You now have 10/11 mp.
Unknown command.
You closely miss the ball python. Your headbutt misses the ball python.
The ball python misses you. The ball python barely misses you.
You hit the ball python.
You kill the ball python!
Unknown command.
No target in view!
No target in view!
Your horns disappear.
Your talons disappear.
Found an escape hatch in the ceiling.
MP restored: 11
There is an escape hatch in the ceiling here.
There is an escape hatch in the ceiling here.
A kobold comes into view. It is wielding a +0 dagger.
A kobold is nearby!
A kobold is nearby!
A kobold is nearby!
The kobold shouts!
You grow a pair of large bovine horns.
Your feet morph into talons.
You now have 10/11 mp.
Unknown command.
The kobold barely misses you.
You barely miss the kobold. The kobold misses you.
You barely miss the kobold. You claw the kobold, but do no damage.
You headbutt the kobold, but do no damage.
You bite the kobold, but do no damage. The kobold hits you with a +0 dagger.
You take 1 damage, and have 33/34 hp.
You barely miss the kobold. The kobold hits you but does no damage.
Unknown command.
Health restored: 34 You hit the kobold.
You claw the kobold.
You kill the kobold!
No target in view!
No target in view!
No target in view!
No target in view!
Your horns disappear.
Your talons disappear.
You see here a +0 dagger.
You now have 105 gold pieces (gained 11).
Found a stone staircase leading down.
A frilled lizard comes into view.
MP restored: 11 A frilled lizard is nearby!
A frilled lizard is nearby!
A frilled lizard is nearby!
A kobold comes into view. It is wielding a +0 short sword.
A rat comes into view.
You grow a pair of large bovine horns.
Your feet morph into talons.
The frilled lizard hisses angrily.
The kobold shouts!
You now have 10/11 mp.
The kobold hits you with a +0 short sword.
You take 3 damage, and have 31/34 hp.
You closely miss the kobold. You claw the kobold.
The kobold closely misses you.
You hit the kobold but do no damage. Your kick misses the kobold.
Your headbutt misses the kobold. You barely miss the kobold.
Your punch misses the kobold. The kobold closely misses you.
MP restored: 11 You hit the kobold.
You kill the kobold!
You closely miss the frilled lizard. Your kick misses the frilled lizard.
Your headbutt misses the frilled lizard.
You bite the frilled lizard. The frilled lizard barely misses you.
You closely miss the frilled lizard. The frilled lizard bites you.
You take 1 damage, and have 31/34 hp.
You barely miss the frilled lizard. Your kick misses the frilled lizard.
The frilled lizard bites you.
You take 2 damage, and have 29/34 hp.
You miss the frilled lizard. You claw the frilled lizard.
You kill the frilled lizard!
You hit the rat.
You kill the rat!
Your transformation is almost over.
Your horns disappear.
Your talons disappear.
Memorise Wereblood, consuming 2 spell levels and leaving 10?
You start memorising the spell.
You continue memorising. x2
You finish memorising.
Spell assigned to 'b'.
This spell is quite dangerous to cast!
Memorise Spider Form, consuming 3 spell levels and leaving 7?
You start memorising the spell.
You continue memorising. x3
You finish memorising.
Spell assigned to 'c'.
Unknown command.
Things that are here:
a +0 short sword; a frilled lizard corpse A bat comes into view.
Health restored: 34 A bat is nearby!
A bat is nearby!
You grow a pair of large bovine horns.
Your feet morph into talons.
You now have 10/11 mp.
Unknown command.
The helpless bat fails to defend itself.
You punch the bat!
You kill the bat!
No target in view!
Unknown command.
No target in view!
Your horns disappear.
Your talons disappear.

#.#####.####.# #.# ##.##
##.###...## .
#.####.........# .
........###....########.
#.#####.# ##.#.##.......
#.# #.#.#.>.####.
##.####............
#.@...............#
........#####.......##)#
#.###.### #.......##.#
#. #.....#.##.# #.
#.....#.##.# #
#.....#.##.#
###.###.##.# #. #.##.#
#. #.##..


There were no monsters in sight!

Vanquished Creatures
  An orc priest (D:2)
  A dart slug (D:1)
  6 orcs (D:2)
  3 endoplasms
  A giant cockroach (D:1)
  4 goblins
  2 hobgoblins
  5 jackals
  A quokka (D:1)
  4 ball pythons
  2 bats
  2 frilled lizards
  5 kobolds
  2 rats
39 creatures vanquished.

Notes
Turn   | Place    | Note
-------+----------+-------------------------------------------
     0 | D:1      | OTABOTABOTAB the Gnoll Transmuter began the quest for the
                  | Orb.
     0 | D:1      | Reached XP level 1. HP: 17/17 MP: 6/6
   121 | D:1      | Reached XP level 2. HP: 15/23 MP: 5/7
   842 | D:2      | Reached skill level 5 in Spellcasting
   842 | D:2      | Reached XP level 3. HP: 27/28 MP: 6/9
   975 | D:2      | Reached skill level 1 in Short Blades
   975 | D:2      | Reached skill level 1 in Long Blades
   975 | D:2      | Reached skill level 1 in Axes
   975 | D:2      | Reached skill level 1 in Maces & Flails
   975 | D:2      | Reached skill level 1 in Polearms
   975 | D:2      | Reached skill level 1 in Staves
   975 | D:2      | Reached skill level 1 in Ranged Weapons
   975 | D:2      | Reached skill level 1 in Throwing
   975 | D:2      | Reached skill level 1 in Armour
   975 | D:2      | Reached skill level 1 in Stealth
   975 | D:2      | Reached skill level 1 in Shields
   975 | D:2      | Reached skill level 1 in Invocations
   975 | D:2      | Reached skill level 1 in Evocations
   975 | D:2      | Reached XP level 4. HP: 11/34 MP: 11/11
  1289 | D:2      | Learned a level 2 spell: Wereblood
  1293 | D:2      | Learned a level 3 spell: Spider Form
  1345 | D:2      | Quit the game

Illustrated notes

Levels and vault maps discovered:
D:1:      heliophobic_arrival_glass_houses, layout_basic
D:2:      cheibrodos_pilgrimage, layout_loops_ring

Skill      XL: |  1  2  3 |
---------------+----------+-----
Spellcasting   | 5 |  5.1
Short Blades   | 1 |  1.1
Long Blades    | 1 |  1.1
Axes           | 1 |  1.1
Maces & Flails | 1 |  1.1
Polearms       | 1 |  1.1
Staves         | 1 |  1.1
Ranged Weapons | 1 |  1.1
Throwing       | 1 |  1.1
Armour         | 1 |  1.1
Stealth        | 1 |  1.1
Shields        | 1 |  1.1
Invocations    | 1 |  1.2
Evocations     | 1 |  1.1
Fighting       | |  2.7
Dodging        | |  4.6
Unarmed Combat | |  6.6
Conjurations   | |  0.9
Hexes          | |  0.9
Summonings     | |  0.9
Necromancy     | |  0.9
Translocations | |  0.9
Transmutations | |  3.8
Fire Magic     | |  0.9
Ice Magic      | |  0.9
Air Magic      | |  0.9
Earth Magic    | |  0.9
Poison Magic   | |  0.9

Action                   |  1- 3 |  4- 6 || total
-------------------------+-------+-------++-------
Melee: Unarmed           |    53 |    35 ||    88
       Kick              |     8 |    10 ||    18
       Headbutt          |     5 |     5 ||    10
       Punch             |     2 |       ||     2
       Bite              |     1 |     2 ||     3
Throw: Stone             |     5 |       ||     5
 Cast: Beastly Appendage |    12 |     8 ||    20
 Abil: End Transformatio |    10 |     8 ||    18
 Stab: Sleeping          |     2 |     1 ||     3
Armor: Robe              |     8 |     1 ||     9
Dodge: Dodged            |    39 |    17 ||    56

Table legend: (Time is in decaauts)
 A = Elapsed time spent in this place.
 B = Non-inter-level travel time spent in this place.
 C = Inter-level travel time spent in this place.
 D = Time resting spent in this place.
 E = Time spent auto-exploring this place.
 F = Levels seen in this place.
 G = Mean time per level.
                   A        B        C        D        E       F      G
               +--------+--------+--------+--------+--------+-----+--------+
         Total |   1334 |   1310 |     24 |     23 |   1021 |   2 |  667.0 |
       Dungeon |   1334 |   1310 |     24 |     23 |   1021 |   2 |  667.0 |
               +--------+--------+--------+--------+--------+-----+--------+

Top non-repeatable levels by time:
     D:1: 833 daAuts
     D:2: 500 daAuts

Table legend:
 A = Kills in this place as a percentage of kills in entire the game.
 B = Kills by you in this place as a percentage of kills by you in the entire game.
 C = Kills by friends in this place as a percentage of kills by friends in the entire game.
 D = Other kills in this place as a percentage of other kills in the entire game.
 E = Experience gained in this place as a percentage of experience gained in the entire game.
 F = Experience gained in this place divided by the number of levels of this place that you have seen.
                   A       B       C       D       E      F
               +-------+-------+-------+-------+-------+----------------------
         Total | 100.0 | 100.0 |   N/A |   N/A | 100.0 |  54.0
       Dungeon | 100.0 | 100.0 |   N/A |   N/A | 100.0 |  54.0
               +-------+-------+-------+-------+-------+----------------------
